Cogmind - Beta 9.1 @@@ ROGUE MODE // 2019.11.01 @ 23:22:25 Player: mako Result: Self-destructed Performance ------------- Evolutions (0) 0 Regions Visited (4) 800 Robots Destroyed (6) 30 Value Destroyed (29) 29 Prototype IDs (0) 0 Alien Tech Used (0) 0 Bonus (0) 0 TOTAL SCORE: 859 Bonus ------- None Cogmind --------- Core Integrity 217/250 Matter 300/300 Energy 250/250 System Corruption 0% Temperature Cool (0) Location -9/Mines Parts ------- Power (1) Ion Engine Propulsion (2) Aluminum Leg Aluminum Leg Utility (2) High-capacity Storage Unit Improved Terrain Scanner Weapon (2) EM Pulse Gun Inventory (12) Nuclear Core Light Treads Light Treads Aluminum Leg High-capacity Battery (400) Medium Matter Pod (91) Small Laser Mining Laser Peak State ------------ Power Ion Engine Propulsion Aluminum Leg Aluminum Leg Utility High-capacity Storage Unit Improved Terrain Scanner Weapon EM Pulse Gun Light Assault Rifle Inventory Nuclear Core Light Treads Light Treads Aluminum Leg High-capacity Battery Medium Matter Pod Small Laser Mining Laser [Rating: 9] Favorites ----------- Power Ion Engine Engine Ion Engine Propulsion Aluminum Leg Leg Aluminum Leg Utility Improved Terrain Scanner Device Improved Terrain Scanner Storage Small Storage Unit Weapon Light Assault Rifle Energy Gun EM Pulse Gun Ballistic Gun Light Assault Rifle Build | -11 -10 -10 -10 -9 ------- Run | Scr Mat Min Exi Min Slots Evolved . | . . . . . Power . | . . . . . Propulsion . | . . . . . Utility . | . . . . . Weapon . | . . . . . Parts Attached 8 | 7 . . 1 . Power 1 | 1 . . . . Engine 1 | 1 . . . . Core . | . . . . . Reactor . | . . . . . Propulsion 2 | 2 . . . . Treads . | . . . . . Leg 2 | 2 . . . . Wheel . | . . . . . Hover . | . . . . . Flight . | . . . . . Utility 3 | 2 . . 1 . Device 1 | 1 . . . . Storage 2 | 1 . . 1 . Processor . | . . . . . Hackware . | . . . . . Protection . | . . . . . Artifact . | . . . . . Weapon 2 | 2 . . . . Energy Gun 1 | 1 . . . . Energy Cannon . | . . . . . Ballistic Gun 1 | 1 . . . . Ballistic Cannon . | . . . . . Launcher . | . . . . . Special Weapon . | . . . . . Impact Weapon . | . . . . . Slashing Weapon . | . . . . . Piercing Weapon . | . . . . . Special Melee Weapon . | . . . . . Unidentified Prototypes . | . . . . . Parts Lost 1 | . . . . 1 Power . | . . . . . Propulsion . | . . . . . Utility . | . . . . . Weapon 1 | . . . . 1 Highest Loss Streak 1 | . . . . 1 Average Slot Usage (%) 100 | . 100 100 100 100 Engine 14 | . 14 14 14 14 Leg 28 | . 28 28 28 28 Device 14 | . 14 14 14 14 Storage 14 | . 14 14 14 14 Energy Gun 14 | . 14 14 14 14 Ballistic Gun 14 | . 14 14 14 14 Naked Turns . | . . . . . Heaviest Build 41 | 13 13 13 41 41 Greatest Support 20 | 20 20 20 20 20 Greatest Overweight (x) 2 | . . . 2 2 Average Overweight (x) . | . . . . 1 Largest Inventory Capacity 12 | 6 6 6 12 12 Average Capacity 8 | 5 6 6 8 12 Most Carried 8 | 5 5 6 8 8 Average Carried 5 | 3 5 5 6 8 Final Capacity 12 | 6 6 6 12 12 Final Carried 8 | 5 5 6 8 8 Class Distribution -------------------- 100% | Mutant Dominant Class ---------------- Mutant | -10/Materials Mutant | -10/Mines Mutant | -10/Exiles Mutant | -9/Mines Resources | -11 -10 -10 -10 -9 ----------- Run | Scr Mat Min Exi Min Matter Collected 295 | 230 . 55 10 . Remotely . | . . . . . Salvage Created 189 | 189 . . . . Parts 14 | 14 . . . . Haulers Intercepted . | . . . . . Recyclers Shooed . | . . . . . Parts Field Recycled . | . . . . . Retrieved Matter . | . . . . . Parts Self-Destructed . | . . . . . Prevented . | . . . . . Kills | -11 -10 -10 -10 -9 ------- Run | Scr Mat Min Exi Min Combat Hostiles Destroyed . | . . . . . Classes Destroyed 3 | 3 . . . . Worker 2 | 2 . . . . Tunneler 3 | 3 . . . . Recycler 1 | 1 . . . . Best Kill Streak 4 | 4 . . . . Combat Bots Only . | . . . . . Max Kills in Single Turn 2 | 2 . . . . Gunslinging . | . . . . . Exploded . | . . . . . Melee . | . . . . . Uniques/NPCs Destroyed . | . . . . . Combat | -11 -10 -10 -10 -9 -------- Run | Scr Mat Min Exi Min Damage Taken 298 | 40 . 25 . 233 Core 33 | . . . . 33 Absorbed by Shields . | . . . . . Core Remaining (%) 100 | 100 . . . . Volleys Fired 19 | 15 . . . 4 Largest 2 | 2 . . . 2 Hottest 60 | 60 . . . 60 Shots Fired 38 | 30 . . . 8 Gun 38 | 30 . . . 8 Cannon . | . . . . . Launcher . | . . . . . Special . | . . . . . Kinetic 19 | 15 . . . 4 Thermal . | . . . . . Explosive . | . . . . . Electromagnetic 19 | 15 . . . 4 Robot Hit Streak 8 | 8 . . . 1 Robot Miss Streak 2 | 2 . . . 2 Penetration Max . | . . . . . Secondary Targets . | . . . . . Shots Hit Robots 23 | 20 . . . 3 Core Hits 10 | 8 . . . 2 Critical Hits . | . . . . . Critical Kills . | . . . . . Critical Parts Destroyed . | . . . . . Melee Attacks . | . . . . . Impact . | . . . . . Slashing . | . . . . . Piercing . | . . . . . Sneak Attacks . | . . . . . Combat Hostiles . | . . . . . Follow-up Attacks . | . . . . . Damage Inflicted 247 | 233 . . . 14 Guns 220 | 206 . . . 14 Cannons . | . . . . . Explosions 27 | 27 . . . . Melee . | . . . . . Ramming . | . . . . . Kinetic 88 | 74 . . . 14 Thermal 27 | 27 . . . . Explosive . | . . . . . Electromagnetic 132 | 132 . . . . Impact . | . . . . . Slashing . | . . . . . Piercing . | . . . . . Highest Corruption . | . . . . . Average Corruption . | . . . . . Corruption Purged . | . . . . . Overload Shots . | . . . . . Overflow Damage . | . . . . . Projectiles . | . . . . . Explosions . | . . . . . Melee . | . . . . . Knockbacks . | . . . . . Impact . | . . . . . Kinetic . | . . . . . Secondary . | . . . . . Self-Inflicted Damage 40 | 40 . . . . Shots 1 | 1 . . . . Rammed . | . . . . . Targets Rammed . | . . . . . Kicked . | . . . . . Crushed . | . . . . . Highest Temperature 52 | 52 . . . 40 Average Temperature 20 | 19 . . . 25 Received Heat Transfer 15 | . . 15 . . Siege Activations . | . . . . . Robots Corrupted . | . . . . . Combat Hostiles . | . . . . . Parts Fried . | . . . . . Impact Corruptions . | . . . . . Robots Melted . | . . . . . Combat Hostiles . | . . . . . Parts Melted 1 | 1 . . . . Heat Transferred 50 | 50 . . . . Parts Sabotaged . | . . . . . Parts Stolen . | . . . . . Parts Stripped . | . . . . . Power Chain Reactions 1 | 1 . . . . Missiles Intercepted . | . . . . . Alert | -11 -10 -10 -10 -9 ------- Run | Scr Mat Min Exi Min Peak Influence 34 | 30 34 13 . . Average Influence 11 | 7 21 13 . . Maximum Alert Level . | . . . . . Low Security (%) 100 | . . . . . Level 1 . | . . . . . Level 2 . | . . . . . Level 3 . | . . . . . Level 4 . | . . . . . Level 5 . | . . . . . High Security . | . . . . . Max Security . | . . . . . Squads Dispatched . | . . . . . Investigation . | . . . . . Extermination . | . . . . . Reinforcement . | . . . . . Assault . | . . . . . Garrison . | . . . . . Intercept . | . . . . . Construction Impeded . | . . . . . Haulers Reinforced . | . . . . . Stealth | -11 -10 -10 -10 -9 --------- Run | Scr Mat Min Exi Min Distress Signals . | . . . . . Communications Jammed . | . . . . . Distress Signals . | . . . . . Times Spotted 8 | . 1 4 . 3 Peak Tracking Total 3 | . . 2 . 3 Tactical Retreats 1 | . . 1 . . Traps | -11 -10 -10 -10 -9 ------- Run | Scr Mat Min Exi Min Traps Triggered . | . . . . . Indirectly . | . . . . . Trap Hack Attempts . | . . . . . Triggered . | . . . . . Disarmed . | . . . . . Reprogrammed . | . . . . . Reused . | . . . . . Traps Extracted . | . . . . . Installed . | . . . . . Triggered . | . . . . . Machines | -11 -10 -10 -10 -9 ---------- Run | Scr Mat Min Exi Min Machines Disabled . | . . . . . Max in Single Turn . | . . . . . Machines Sabotaged . | . . . . . Garrisons Compromised . | . . . . . Overloaded Fab Kills . | . . . . . Fab Network Shutdowns . | . . . . . Hacking | -11 -10 -10 -10 -9 --------- Run | Scr Mat Min Exi Min Machines Accessed 4 | . . . 4 . Terminals . | . . . . . Fabricators . | . . . . . Repair Stations . | . . . . . Recycling Units . | . . . . . Scanalyzers . | . . . . . Garrison Access . | . . . . . Total Hacks 48 | . . . 48 . Successful 48 | . . . 48 . Failed . | . . . . . Catastrophic . | . . . . . Database Lockouts . | . . . . . Manual 1 | . . . 1 . Terminals . | . . . . . Fabricators . | . . . . . Repair Stations . | . . . . . Recycling Units . | . . . . . Scanalyzers . | . . . . . Garrison Access . | . . . . . Terminal Hacks 48 | . . . 48 . Record 48 | . . . 48 . Fabricator Hacks . | . . . . . Repair Station Hacks . | . . . . . Recycling Unit Hacks . | . . . . . Scanalyzer . | . . . . . Garrison Access Hacks . | . . . . . Unauthorized Hacks . | . . . . . Terminals . | . . . . . Fabricators . | . . . . . Repair Stations . | . . . . . Recycling Units . | . . . . . Scanalyzers . | . . . . . Garrison Access . | . . . . . Data Cores Recovered . | . . . . . Used . | . . . . . Hacking Detections . | . . . . . Full Trace Events . | . . . . . Feedback Events . | . . . . . Feedback Blocked . | . . . . . Robot Schematics Acquired . | . . . . . Robots Built . | . . . . . Matter . | . . . . . Time . | . . . . . Total Robot Build Rating . | . . . . . Part Schematics Acquired . | . . . . . Parts Built . | . . . . . Matter . | . . . . . Time . | . . . . . Total Part Build Rating . | . . . . . Parts Repaired . | . . . . . Time . | . . . . . Parts Recycled . | . . . . . Recycled Matter . | . . . . . Retrieved Matter . | . . . . . Retrieved Components . | . . . . . Parts Scanalyzed . | . . . . . Part Schematics Acquired . | . . . . . Parts Damaged . | . . . . . Bothacking | -11 -10 -10 -10 -9 ------------ Run | Scr Mat Min Exi Min Used RIF Installer . | . . . . . Robots Hacked . | . . . . . Non-combat . | . . . . . Combat . | . . . . . Robot Hacks Applied . | . . . . . Relay Couplers Released . | . . . . . Robots Rewired . | . . . . . Allies Hacked . | . . . . . Hacks Repelled . | . . . . . Allies | -11 -10 -10 -10 -9 -------- Run | Scr Mat Min Exi Min Total Allies . | . . . . . Largest Group . | . . . . . Highest-Rated Group . | . . . . . Highest-Rated Ally . | . . . . . Total Orders . | . . . . . Ally Attacks . | . . . . . Total Damage . | . . . . . Kills . | . . . . . Allies Corrupted . | . . . . . Allies Melted . | . . . . . Intel | -11 -10 -10 -10 -9 ------- Run | Scr Mat Min Exi Min Robot Analysis Total . | . . . . . Derelict Logs Recovered . | . . . . . Drone Launches . | . . . . . Drone Recoveries . | . . . . . Exploration | -11 -10 -10 -10 -9 ------------- Run | Scr Mat Min Exi Min Turns Passed 2064 | 127 32 332 1528 45 Spaces Moved 1314 | 61 27 129 1078 19 Core 4 | 4 . . . . Treads . | . . . . . Legs 1310 | 57 27 129 1078 19 Wheels . | . . . . . Hover . | . . . . . Flight . | . . . . . Fastest Speed 50 | 50 120 120 120 150 Average Speed 137 | 115 120 120 140 176 Slowest Speed 180 | 120 120 120 180 180 Overloaded Moves . | . . . . . Propulsion Burnouts . | . . . . . Robots Hopped . | . . . . . Cave-ins Triggered . | . . . . . Exploration Rate (%) 27 | 4 12 15 93 12 Regions Visited 4 Branch Regions 3 Pre-discovered Areas 1 | . . . 1 . Known Exits Taken . | . . . . . Unknown Exits Taken 4 | 1 1 1 1 . Scrap Searched . | . . . . . Spaces Dug . | . . . . . Terrain Destroyed 4 | 4 . . . . Melee . | . . . . . Projectile . | . . . . . AOE 4 | 4 . . . . Actions | -11 -10 -10 -10 -9 --------- Run | Scr Mat Min Exi Min Total 1531 | 87 26 306 1089 23 Wait 183 | . . 177 6 . Move 1310 | 60 26 128 1077 19 Hop . | . . . . . Pick Up 9 | 5 . 1 3 . Fast Attach 7 | 7 . . . . Attach . | . . . . . Detach . | . . . . . Swap 1 | . . . 1 . Drop 2 | . . . 2 . Fire 19 | 15 . . . 4 Melee . | . . . . . Ram . | . . . . . Kick . | . . . . . Crush . | . . . . . Escape Stasis . | . . . . . Rewire . | . . . . . Trap . | . . . . . Miscellaneous . | . . . . . Route ------- -11/Scrapyard -10/Materials -10/Mines -10/Exiles (discovered 2 exits: [*Min x2]) -9/Mines History --------- Turn | Location | Event 3 | -11/Scrapyard | Discovered new exit (range 15) 128 | -11/Scrapyard | Entered Materials 143 | -10/Materials | Discovered new exit (range 14) 160 | -10/Materials | Entered Mines 200 | -10/Mines | Met a Derelict bent on vengeance 303 | -10/Mines | Build established: Mutant 485 | -10/Mines | Deemed a non-threat by the Exiles lab entrance 485 | -10/Mines | Discovered new exit (range 5) 492 | -10/Mines | Entered Exiles 526 | -10/Exiles | Met 8R-AWN 550 | -10/Exiles | Met EX-HEX 622 | -10/Exiles | Met EX-DEC 657 | -10/Exiles | Visited The Gauntlet 897 | -10/Exiles | Learned location of Zion (-7) 965 | -10/Exiles | Discovered new exit (range 12) 1044 | -10/Exiles | Met EX-BIN 1236 | -10/Exiles | Discovered new exit (range 14) 2020 | -10/Exiles | Entered Mines 2065 | -9/Mines | Self-destructed Last Messages --------------- else that'll carry this thing around and fire it for us so we can observe it in all its glory? Just imagine what it would do to a squad of Grunts. >>Record! "BIN-073/Field Lobotomy Kit" BIN: Why try to hack their system when you can completely disable their existing system and just replace it with a new external one? >>Record! "BIN-086/Deploy-a-Sentry" BIN: Deployable sentry guns are great for those situations where you're just too busy to shoot the enemy. ** HEX: To be honest I think v2 needs to be undeployable. EXIT=FOUND Dropped Sml. Storage Unit. Extracted 4 energy. Acquired Hcp. Battery. Extracted 10 matter. Acquired Med. Matter Pod. LOCATION=UNKNOWN GOAL=ESCAPE K-01 Serf collects debris. Lgt. Assault Rifle destroyed. Map ----- +----------------------------------------------------+ | | | | | | | ????????????????????????????????????????? | | ????????????????????????????????????????? | | ????????????????????????????????????????? | | ????????????????????????????????????????? | | ????????????????????????????????????????? | | ????????????????????????????????????????? | | ????????????????????????????????????????? | | ????????????#???????????????????????????? | | ??????????????#?????????????????????????? | | ???? ?????####?#???????????????????????? | | ??????????? ##???????????????????????? | | ???????????? ##??????????????????????? | | ???????????? ##????#????????????????? | | ???????????? #### ?????????????????? | | ???? ???????? ??????????????????? | | ????????????? ???????????????????? | | ???#????????## #???#????????????????? | | ????????????## #?????????????????????? | | ????????????# ##??###??#????????????? | | ????????????# ## #???????????????? | | ??????#######sss #???????????????? | | ?????## ## #???????????????? | | ?????# @ #????????????????????? | | ????# ##????????????????????? | | ????# #?????????????????????? | | ????# #????????????????????? | | ????## ??????????????????? | | ?????## #????????????????? | | ??????# #????????????????? | | ??????# #### #????????????????? | | ??????## ##??? # ##????????????????? | | ???????######???? ####?????????????????? | | ????#???????????? #??#?????????????????? | | ????????????????? #????????????????????? | | ??????????????#?? #????????????????????? | | ????????????????? #????????????????????? | | ????????????????? #????????????????????? | | ???????????????? ? ?????????????????????? | | ????????????????????????????????????????? | | ????????????????????????????????????????? | | ????????????????????????????????????????? | | ????????????????????????????????????????? | | ????????????????????????????????????????? | | ????????????????????????????????????????? | | ????????????????????????????????????????? | | ????????????????????????????????????????? | | ????????????????????????????????????????? | +----------------------------------------------------+ Best States ------------- Heat Dissipation 25 Energy Generation 10 Energy Capacity 250 Matter Stores 300 Matter Capacity 300 Sight Range 16 Terrain Scan Range 16 Terrain Scan Density 10 Evasion (%) 40 Item Schematics ----------------- None Robot Schematics ------------------ None Fabricated ------------ Nothing Alien Tech Used ----------------- None Achievements -------------- Librarian Challenges ------------ None Game ------ Seed LightpackTacticalBattery Manual? 0 Play Time 00:14:45 Cumulative 8.4 hours Start 2019.11.01 @ 23:08:05 End 2019.11.01 @ 23:22:25 Sessions 1 Manual Loads 0 Difficulty Rogue Special Mode None Game No. 21 Rogue 21 Adventurer 0 Explorer 0 Win Type - Total 0 Types 0/0/0/0/0/0/0 Lore% 14 Gallery% 15 Achievement% 14 Wizard Run 0 Options --------- ASCII 0 Keyboard 0 Movement Numpad Keybinds 0 Fullscreen 1 Font 18/SmallcapsGlow Map View 76x50 Tactical HUD 0 Map Filters NONE Filters NONE Steam 1 RUN: ec6f9267-6bb4-43bb-bc60-5166fc762f9a